 Dungeon Crawl Stone Soup version 0.18.1-50-g88ac8fd (webtiles) character file.

44 Fiskpinne the Firebug (level 3, -2/19 HPs)
             Began as a Kobold Fire Elementalist on Oct 28, 2016.
             Slain by a worker ant (7 damage)
             ... on level 3 of the Dungeon.
             The game lasted 00:04:14 (1254 turns).

Fiskpinne the Firebug (Kobold Fire Elementalist)    Turns: 1254, Time: 00:04:15

Health: -2/19      AC:  2    Str:  6    XL:     3   Next: 85%
Magic:  0/6        EV: 15    Int: 14    God:
Gold:   100        SH:  0    Dex: 16    Spells: 1 memorised, 5 levels left

rFire  . . .     SeeInvis .     r - +0 quarterstaff
rCold  . . .     Gourm    .     a - +0 robe
rNeg   . . .     Faith    .     (shield currently unavailable)
rPois  .         Spirit   +     (no helmet)
rElec  .         Dismiss  .     (no cloak)
rCorr  .         Reflect  .     (no gloves)
SustAt .         Harm     .     (no boots)
MR     .....                    i - amulet of guardian spirit
Stlth  ++........               (no ring)
                                (no ring)

@: lethally poisoned (-2 -> -12), not resistant to hostile enchantments,
unstealthy
A: carnivore 3
a: no special abilities


You were on level 3 of the Dungeon.
You were very full.

You visited 1 branch of the dungeon, and saw 3 of its levels.

You collected 100 gold pieces.

Inventory:

Hand Weapons
 r - a +0 quarterstaff (weapon)
Missiles
 h - 26 stones (quivered)
 k - 14 poisoned needles
Armour
 a - a +0 robe (worn)
Jewellery
 i - an amulet of guardian spirit (around neck)
Scrolls
 d - 3 scrolls of magic mapping {unknown}
 e - 2 scrolls of identify {unknown}
 f - a scroll of fog {unknown}
 m - a scroll of amnesia {unknown}
 o - a scroll of enchant armour {unknown}
Potions
 j - a potion of resistance {unknown}
 l - 2 potions of flight {unknown}
 p - a potion of curing {unknown}
 q - a potion of haste {unknown}
 t - a potion of cure mutation {unknown}
 u - a potion of degeneration {unknown}
Books
 b - a book of Flames

   Spells                             Type                      Level
   a - Flame Tongue                   Conjuration/Fire             1
   b - Throw Flame                    Conjuration/Fire             2
   c - Conjure Flame                  Conjuration/Fire             3
   d - Inner Flame                    Hexes/Fire                   3
   e - Sticky Flame                   Conjuration/Fire             4
   f - Fireball                       Conjuration/Fire             5
Comestibles
 c - 2 meat rations
 g - a beef jerky
 n - a slice of pizza
 s - 2 chunks of flesh


   Skills:
 + Level 0.1 Staves
 - Level 2.4 Dodging
 - Level 2.6 Stealth
 - Level 2.0 Spellcasting
 * Level 2.1 Conjurations
 * Level 3.7 Fire Magic


You had 5 spell levels left.
You knew the following spells:

 Your Spells              Type           Power        Failure   Level  Hunger
a - Flame Tongue          Conj/Fire      #....        10%         1    ##.....


Dungeon Overview and Level Annotations

Branches:
Dungeon (2/15)

Altars:
Xom


Innate Abilities, Weirdness & Mutations

You are small and have problems with some larger weapons.
You are carnivorous and can eat meat at any time.


Message History

You are poisoned.
The worker ant poisons you! The worker ant bites you!
Casting: Flame Tongue
Confirm with . or Enter, or press ? or * to list all spells.
Aiming: Flame Tongue
Press: ? - help, Shift-Dir - straight line, f/p - worker ant
Aim: a worker ant (almost dead)
The flame tongue hits the worker ant.
The worker ant appears unharmed.
The worker ant is almost dead.
You feel sick. The worker ant bites you.
Casting: Flame Tongue
Confirm with . or Enter, or press ? or * to list all spells.
Aiming: Flame Tongue
Press: ? - help, Shift-Dir - straight line, f/p - worker ant
Aim: a worker ant (almost dead)
The flame tongue hits the worker ant.
The worker ant appears unharmed.
The worker ant is almost dead.
* * * LOW HITPOINT WARNING * * *
You feel sick. The worker ant bites you!
You die...

...####..# .........#
...####..# #..# #..#
##### #..# #.... #..#
..#...(#####..#
!.'....@......#
g.#...a####...# #....
#.#.# #.... #.#.#
#.... #.#.#
########### #.#.#
#......########.#>####
#......##............#
#......##............#


You could see a worker ant and a goblin.

Vanquished Creatures
  A gnoll (D:1)
  An adder (D:2)
  A giant gecko (D:1)
  A ball python (D:3)
  7 bats
  6 goblins (D:1)
  4 kobolds
  4 rats
25 creatures vanquished.

Notes
Turn   | Place    | Note
--------------------------------------------------------------
     0 | D:1      | Fiskpinne the Kobold Fire Elementalist began the quest for the Orb.
     0 | D:1      | Reached XP level 1. HP: 10/10 MP: 3/3
    49 | D:1      | Reached skill level 1 in Conjurations
   220 | D:1      | Reached XP level 2. HP: 11/15 MP: 0/5
   740 | D:1      | Reached XP level 3. HP: 19/19 MP: 2/6
  1156 | D:2      | Found a shimmering altar of Xom.
  1160 | D:2      | Found a shimmering altar of Xom.
  1161 | D:2      | Found a shimmering altar of Xom.
  1161 | D:2      | Found a shimmering altar of Xom.
  1163 | D:2      | Found a shimmering altar of Xom.
  1171 | D:2      | You fall through a shaft!
  1254 | D:3      | Slain by a worker ant

Skill      XL: |  1  2 |
---------------+-------+-----
Conjurations   | 1 2 |  2.1
Staves         | |  0.1
Dodging        | |  2.4
Stealth        | |  2.6
Spellcasting   | |  2.0
Fire Magic     | |  3.7

Action                   || total
-------------------------++-------
Melee: Unarmed           ||    10
 Cast: Flame Tongue      ||    46
  Eat: Chunk             ||    10
Armor: Robe              ||     6
Dodge: Dodged            ||    47
